AoeStats
← miguelon01

Fortress

509744351Analyzed
4v4 RM · 4d ago on Sep 27, 2026· 65m 43s· 8 players
Game mode
Random Map
Map size
Huge
Population
200
Speed
Normal
Resources
Standard
Victory
Conquest
Starting age
Dark Age
Ending age
Imperial Age
RankedLock teamsTeams togetherTeam positionsShared explorationLock speedFull tech treeHidden civsTurbo modeCheats
Victory
Defeat
🇺🇸 Persians · United States
1163
+15
🇪🇨 Danes · Ecuador
1161
+15
🇧🇷 Poles · Brazil
1138
+16
🇮🇹 Celts · Italy
1132
+15
🇪🇸 Persians · Spain
1160
-17
🇻🇳 Saxons · Vietnam
1156
-16
🇧🇪 Malay · Belgium
1113
-14
🇺🇸 Lithuanians · United States
1092
-14
dageorge115
0:42 Loom
7:05 Feudal Age
8:00 Loom
11:16 Castle Age
9:32 Double-Bit Axe
13:02 Wheelbarrow
12:13 Town Watch
12:18 Horse Collar
24:38 Imperial Age
23:11 Fletching
23:51 Bodkin Arrow
25:02 Bloodlines
24:52 Husbandry
25:00 Scale Barding Armor
25:06 Forging
25:03 Cavalier
27:07 Conscription
32:17 Iron Casting
34:24 Chain Barding Armor
37:08 Plate Barding Armor
36:34 Bracer
39:15 Hand Cart
39:19 Padded Archer Armor
41:57 Paladin
43:45 Elite Skirmisher
44:42 Leather Archer Armor
47:32 Hoardings
Casalmiri
6:46 Loom
8:31 Feudal Age
12:39 Castle Age
10:25 Double-Bit Axe
10:21 Horse Collar
10:37 Gold Mining
11:21 Town Watch
14:28 Bow Saw
19:00 Stone Mining
20:09 Scale Barding Armor
22:34 Gold Shaft Mining
22:36 Stone Shaft Mining
22:03 Heavy Plow
22:45 Husbandry
23:38 Murder Holes
24:21 Wheelbarrow
24:28 Town Patrol
28:36 Imperial Age
26:39 Forging
26:41 Bloodlines
27:53 Hand Cart
28:15 Iron Casting
28:00 Chain Barding Armor
30:51 Two-Man Saw
30:21 Crop Rotation
29:54 Scale Mail Armor
30:55 Blast Furnace
30:33 Plate Barding Armor
31:54 Fletching
32:12 Elite War Elephant
33:13 Conscription
33:33 Kamandaran
39:53 Padded Archer Armor
39:49 Bodkin Arrow
39:57 Padded Archer Armor
40:22 Ballistics
41:03 Chemistry
40:22 Kamandaran
39:57 Crossbowman
40:42 Thumb Ring
45:32 Leather Archer Armor
47:09 Ring Archer Armor
[K]iro#
7:49 Feudal Age
7:45 Loom
11:47 Castle Age
10:52 Horse Collar
12:35 Double-Bit Axe
12:45 Double-Bit Axe
14:03 Wheelbarrow
17:43 Gold Mining
17:59 Town Watch
18:56 Sanctity
19:42 Stone Mining
23:03 Fletching
23:13 Scale Mail Armor
26:14 Imperial Age
24:14 Bodkin Arrow
24:50 Chain Mail Armor
25:19 Forging
25:13 Crossbowman
27:20 Iron Casting
26:08 Pikeman
26:49 Squires
27:31 Bow Saw
27:50 Bracer
28:41 Ballistics
29:21 Chemistry
29:15 Padded Archer Armor
30:05 Gold Shaft Mining
30:54 Leather Archer Armor
31:02 Arbalester
32:22 Gold Shaft Mining
31:45 Halberdier
33:30 Ring Archer Armor
35:39 Fortified Wall
37:43 Guard Tower
37:39 Arrowslits
38:18 Thumb Ring
39:04 Plate Mail Armor
39:20 Conscription
40:12 Keep
41:33 Theocracy
41:24 Illumination
41:23 Block Printing
41:18 Redemption
43:38 Redemption
43:53 Illumination
43:44 Block Printing
44:09 Man-at-Arms
44:34 Gambesons
45:33 Siege Engineers
45:39 Masonry
46:48 Capped Ram
50:04 Scale Barding Armor
50:33 Caravan
51:23 Arson
51:59 Chain Barding Armor
51:03 Light Cavalry
51:54 Bloodlines
51:44 Husbandry
51:37 Long Swordsman
52:21 Two-Handed Swordsman
55:27 Hand Cart
SicariusFeroxis
8:43 Feudal Age
13:12 Castle Age
13:14 Double-Bit Axe
15:46 Bow Saw
22:55 Pikeman
23:35 Squires
28:27 Imperial Age
29:12 Chemistry
29:08 Wheelbarrow
30:33 Forging
31:34 Fletching
32:56 Crossbowman
34:22 Capped Ram
36:56 Arbalester
37:41 Loom
38:13 Hand Cart
37:44 Loom
37:45 Town Watch
38:56 Conscription
38:59 Ballistics
39:22 Bodkin Arrow
40:39 Elite Karambit Warrior
42:25 Thumb Ring
42:57 Iron Casting
46:38 Caravan
47:02 Gold Mining
47:03 Stone Mining
46:54 Horse Collar
47:12 Man-at-Arms
49:36 Coinage
50:55 Banking
50:19 Long Swordsman
50:58 Two-Handed Swordsman
55:04 Siege Engineers
57:25 Arson
57:43 Town Patrol
59:23 Masonry
Tikka Masala
8:16 Feudal Age
9:40 Double-Bit Axe
12:25 Castle Age
10:11 Horse Collar
13:31 Bow Saw
13:11 Loom
15:31 Wheelbarrow
16:59 Gold Mining
17:29 Town Watch
25:48 Hand Cart
26:03 Heavy Plow
27:11 Gold Shaft Mining
33:13 Imperial Age
33:40 Elite Woad Raider
34:35 Furor Celtica
35:15 Forging
35:05 Scale Mail Armor
36:10 Conscription
35:28 Onager
37:13 Siege Onager
39:19 Iron Casting
43:29 Chemistry
43:03 Heavy Scorpion
47:02 Devotion
48:12 Siege Engineers
Evil Mechanic
8:22 Feudal Age
9:37 Loom
12:25 Castle Age
10:40 Double-Bit Axe
10:44 Horse Collar
11:25 Gold Mining
13:27 Wheelbarrow
13:37 Bow Saw
14:18 Hand Cart
22:05 Town Watch
27:20 Imperial Age
24:51 Town Patrol
25:35 Bloodlines
25:25 Husbandry
25:36 Forging
25:32 Scale Barding Armor
27:13 Gold Shaft Mining
26:41 Heavy Plow
26:33 Stone Mining
26:57 Cavalier
29:09 Iron Casting
29:27 Stone Shaft Mining
29:54 Two-Man Saw
29:54 Fletching
31:37 Chain Barding Armor
33:11 Blast Furnace
32:51 Squires
32:37 Gambesons
32:37 Arson
32:54 Heavy Camel Rider
34:00 Scale Mail Armor
33:21 Pikeman
34:50 Crop Rotation
35:23 Conscription
35:40 Plate Barding Armor
34:30 Light Cavalry
35:10 Halberdier
37:12 Caravan
39:14 Masonry
39:24 Ballistics
40:05 Chemistry
45:12 Chain Mail Armor
45:36 Hoardings
46:06 Hussar
47:19 Architecture
49:49 Savar
63:57 Coinage
63:38 Guilds
65:16 Spies/Treason
65:26 Capped Ram
SolraC
4:04 Loom
9:41 Feudal Age
13:52 Castle Age
12:15 Fletching
12:25 Double-Bit Axe
13:01 Arson
15:59 Gambesons
16:14 Squires
18:34 Forging
20:32 Iron Casting
21:09 Scale Mail Armor
23:32 Chain Mail Armor
24:32 Hamask
24:36 Pikeman
26:22 Gold Mining
26:43 Bow Saw
26:14 Horse Collar
26:27 Stone Mining
27:14 Wheelbarrow
27:01 Bodkin Arrow
28:24 Padded Archer Armor
28:44 Hand Cart
30:32 Gold Shaft Mining
32:36 Imperial Age
30:46 Squires
32:47 Elite Jomsviking
34:16 Plate Mail Armor
33:40 Halberdier
34:22 Elite Varangian Guard
35:27 Conscription
37:32 Elite Skirmisher
44:39 Heavy Plow
47:07 Blast Furnace
48:20 Capped Ram
48:24 Northmen's Fury
54:57 Caravan
55:34 Thumb Ring
65:56 Stone Shaft Mining
miguelon01
8:40 Feudal Age
8:58 Loom
9:21 Double-Bit Axe
14:46 Castle Age
13:27 Gold Mining
14:16 Horse Collar
18:14 Stone Mining
23:05 Light Cavalry
23:56 Bloodlines
25:58 Forging
27:18 Wheelbarrow
28:45 Scale Barding Armor
31:55 Chain Barding Armor
34:28 Iron Casting
43:15 Husbandry
43:49 Bow Saw
49:45 Heavy Plow
56:46 Treadmill Crane
57:51 Masonry
68:19 Imperial Age
Connection lost

Rejoining the realm…

Still unreachable

The connection could not be restored.

Session expired

The server has moved on; the page needs a fresh start.